 Dungeon Crawl Stone Soup version 0.30-a0-634-g8abc85282e (webtiles) character file.

Game seed: 6839730228498648513

12616 Bnni the Covert (level 11, -7/75 (94) HPs)
             Began as a Vine Stalker Brigand on Jan 14, 2023.
             Was a Follower of Uskayaw.
             Succumbed to Sonja's poison
             ... on level 12 of the Dungeon.
             The game lasted 00:29:17 (10998 turns).

Bnni the Covert (Vine Stalker Brigand)             Turns: 10998, Time: 00:29:17

HP:   -7/75 (94)    AC: 33    Str: 13    XL:     11   Next: 96%
MP:   13/17         EV:  2    Int:  9    God:    Uskayaw [*.....]
Gold: 386           SH:  0    Dex: 21    Spells: 10/10 levels left

rFire   . . .      SeeInvis .    a - +2 dagger (venom)
rCold   . . .      Faith    .    (no shield)
rNeg    . . .      Spirit   +    (body armour currently unavailable)
rPois   +          Reflect  .    (helmet currently unavailable)
rElec   .          Harm     .    (cloak currently unavailable)
rCorr   .          Rampage  .    (gloves currently unavailable)
Will    +....      NoTele   +    (boots currently unavailable)
Stlth   +++++                    x - amulet of regeneration
HPRegen 1.92/turn                I - +4 ring of protection
MPRegen 0.15/turn                D - +4 ring of protection

@: lethally poisoned (-7 -> -27), tree-form, slowed, heavily drained, very slow
A: stationary, stasis, torment immunity, boosted hp, (fangs 3), regeneration 1,
magic shield, (antimagic bite), no potion heal 2, dopey 1, (electricity
resistance)
a: Renounce Religion, Stomp


You were on level 12 of the Dungeon.
You worshipped Uskayaw.
Uskayaw was noncommittal.
You were a tree.
You visited 2 branches of the dungeon, and saw 13 of its levels.
You also visited: Ossuary and Bailey.

You collected 850 gold pieces.
You spent 464 gold pieces at shops.

Inventory:

Hand Weapons
 a - a +2 dagger of venom (weapon)
 w - a +2 dagger of speed
Missiles
 d - 16 poisoned darts (quivered)
 e - a curare-tipped dart
 L - 2 throwing nets
Armour
 c - a +2 hat (melded)
 h - a +0 crystal plate armour (melded)
 M - the +5 scale mail of the Volcano {rC+}
   (You found it in a bailey)

   rC:        It protects you from cold.
 O - a +1 cloak (melded)
 R - a +1 pair of boots of flying (melded)
 S - a +0 pair of gloves of hurling (melded)
Jewellery
 b - a ring of see invisible
 f - a ring of resist corrosion
 l - a ring of fire
 s - a ring of fire
 x - an amulet of regeneration (around neck)
 D - a +4 ring of protection (right branch)
 I - a +4 ring of protection (left branch)
Wands
 J - a wand of roots (3)
 K - a wand of flame (43)
 T - a wand of polymorph (4)
Scrolls
 j - 2 scrolls of enchant armour
 k - a scroll of fog
 m - a scroll of blinking
 n - 3 scrolls of vulnerability
 r - 3 scrolls of amnesia
 t - 3 scrolls of fear
 u - 3 scrolls of enchant weapon {unknown}
 v - 5 scrolls of teleportation {unknown}
 A - a scroll of poison
 B - a scroll of silence
 H - a scroll of immolation
Potions
 g - a potion of ambrosia
 i - 3 potions of curing
 o - a potion of resistance
 p - 6 potions of mutation
 q - a potion of haste
 z - a potion of brilliance
 C - a potion of flight
 F - a potion of magic
 G - a potion of lignification
 P - 2 potions of might
Miscellaneous
 y - a phial of floods
 E - a condenser vane
 N - a box of beasts


   Skills:
 + Level 9.8 Fighting
 - Level 10.0 Short Blades
 - Level 1.7 Throwing
 + Level 2.5 Armour
 - Level 0.7 Dodging
 + Level 11.4 Stealth
 + Level 7.8 Invocations


You had 10 spell levels left.
You didn't know any spells.
Your spell library contained the following spells:

 Spells                   Type           Power      Damage    Failure   Level
 Kiss of Death            Conj/Necr      0%         2d5       38%         1
 Magic Dart               Conj           0%         1d3       38%         1
 Blink                    Tloc           0%         N/A       52%         2
 Ensorcelled Hibernation  Hex/Ice        0%         N/A       52%         2
 Passwall                 Tmut/Erth      0%         N/A       52%         2
 Searing Ray              Conj           0%         2d4       52%         2
 Confusing Touch          Hex            0%         N/A       77%         3
 Gell's Gravitas          Tloc           0%         N/A       77%         3
 Lesser Beckoning         Tloc           0%         N/A       77%         3
 Spider Form              Tmut/Pois      0%         N/A       77%         3
 Stone Arrow              Conj/Erth      0%         3d7       77%         3
 Swiftness                Air            0%         N/A       77%         3
 Teleport Other           Tloc           0%         N/A       77%         3
 Anguish                  Hex/Necr       0%         N/A       99%         4
 Animate Armour           Summ/Erth      0%         N/A       99%         4
 Dispel Undead            Necr           0%         3d6       99%         4
 Fulminant Prism          Conj/Hex       0%         3d5       99%         4
 Leda's Liquefaction      Hex/Erth       0%         N/A       99%         4
 Passage of Golubria      Tloc           0%         N/A       99%         4
 Summon Forest            Summ/Tloc      0%         N/A       100%        5
 Iron Shot                Conj/Erth      0%         9d1       100%        6
 Malign Gateway           Summ/Tloc      0%         N/A       100%        7
 Lehudib's Crystal Spear  Conj/Erth      0%         10d2      100%        8
 Summon Horrible Things   Summ           0%         N/A       100%        8


Dungeon Overview and Level Annotations

Branches:
Dungeon (12/15)            Temple (1/1) D:6            Lair (0/5) D:8
    Orc (0/2) D:11        Ossuary (visited)          Bailey (visited)

Altars:
Ashenzari
Cheibriados
Dithmenos
Elyvilon
Fedhas
Gozag
Kikubaaqudgha
Makhleb
Nemelex Xobeh
Okawaru
Qazlal
Ru
Sif Muna
Trog
Uskayaw
Vehumet
Wu Jian
Xom
Yredelemnul

Shops:
D:11 [(*

Annotations:
D:12 Sonja


Innate Abilities, Weirdness & Mutations

You are a tree.
Your roots penetrate the ground, keeping you stationary.
You cannot be teleported.
You are immune to unholy pain and torment.
Your maximum health is greatly increased.
Your equipment is partially melded.
((You have razor-sharp teeth.))
Your natural rate of healing is unusually fast.
When hurt, damage is shared between your health and your magic reserves.
((Your bite disrupts and absorbs the magic of your enemies.))
Potions cannot restore your health.
You are dopey. (Int -2)
((You are resistant to electric shocks. (rElec)))


Message History

You feel very sick. Sonja hits you but does no damage. x3
You miss Sonja.
You feel very sick. Sonja hits you but does no damage.
You are more poisoned.
Sonja hits you but does no damage. x2
You barely miss Sonja.
You feel very sick. Sonja hits you but does no damage.
You are more poisoned.
Sonja hits you but does no damage. x2
You are lethally poisoned!
You hit Sonja.
Sonja is poisoned.
Sonja is lightly wounded.
* * * LOW HITPOINT WARNING * * *
You feel extremely sick. Sonja hits you but does no damage. x2
Sonja hits you with a +0 dagger of venom.
* * * LOW HITPOINT WARNING * * *
You are more poisoned.
You hit Sonja.
Sonja looks as sick as possible!
Sonja is heavily wounded.
* * * LOW HITPOINT WARNING * * *
You feel extremely sick. Sonja hits you but does no damage.
Sonja completely misses you. Sonja barely misses you.
Okay, then.
Unknown command.
Unknown command.
Okay, then.
Unknown command.
Unknown command.
Unknown command.
Aiming: Fastroot
Press: ? - help, Shift-Dir - straight line, p - Sonja The roots erupt in riotous growth!
Roots grab Sonja.
The grasping roots constrict Sonja.
You die...

#......##.####.##<........#
###.#####.# #.############
#.......# #.# ######### #.#
#.# #.# #.# #.# #♣#
#.....K..# ..###.....#
#.....# #....(. ..#.####
####[# #.#


You could see Sonja (extremely poisoned, rooted).

Vanquished Creatures
  A centaur warrior (D:8)
  A two-headed ogre (D:10)
  The ghost of Syrassil the Basher, a novice HuFi of Yredelemnul (D:7)
  2 skeletal warriors (D:8)
  An orc knight (D:8)
  An ugly thing (D:8)
  2 cyclopes
  Maurice (D:8)
  A yaktaur (D:8)
  A troll (D:11)
  A vampire (D:12)
  A spriggan (D:10)
  A shadow (D:7)
  2 wyverns
  3 wraiths
  A steam dragon (D:8)
  Grum (Bailey)
  Duvessa (D:6)
  4 sky beasts
  5 orc warriors
  An ice beast (D:6)
  7 centaurs
  2 ogres (D:5)
  6 wolves (Bailey)
  A kobold brigand (D:9)
  4 bullfrogs
  2 necrophages
  6 gnoll sergeants (Bailey)
  A scorpion (D:4)
  6 wights (D:7)
  Dowan (D:6)
  11 killer bees
  9 howler monkeys
  5 hounds
  Crazy Yiuf (D:7)
  11 orc priests
  6 gnoll boudas (Bailey)
  3 jellies
  Jessica (D:3)
  4 iguanas
  9 orc wizards
  11 mummies (Ossuary)
  A killer bee simulacrum (D:8)
  20 gnolls
  10 adders
  2 white imps
  2 worms (D:2)
  2 dart slugs
  38 orcs
  13 ball pythons
  4 bats
  10 endoplasms
  2 giant cockroaches
  8 hobgoblins
  7 jackals
  10 quokkas
  2 frilled lizards
  A gnoll skeleton (Ossuary)
  7 goblins
  2 goblin skeletons (Ossuary)
  16 kobolds
  A kobold skeleton (Ossuary)
  4 orc skeletons (Ossuary)
  6 rats
  11 rat skeletons (Ossuary)
319 creatures vanquished.

Vanquished Creatures (others)
  A white imp (D:8)
  19 plants (D:4)
20 creatures vanquished.

Grand Total: 339 creatures vanquished

Notes
Turn   | Place    | Note
-------+----------+-------------------------------------------
     0 | D:1      | Bnni the Vine Stalker Brigand began the quest for the Orb.
     0 | D:1      | Reached XP level 1. HP: 11/11 MP: 2/2
   244 | D:1      | Reached XP level 2. HP: 15/15 MP: 3/3
   701 | D:1      | Reached XP level 3. HP: 16/18 MP: 4/4
   928 | D:2      | Got Jiadd's Precepts of the Unstable Lithosphere
  1459 | D:2      | Gained mutation: Your natural rate of healing is unusually
                  | fast. [Vine Stalker growth]
  1459 | D:2      | Reached XP level 4. HP: 23/23 MP: 3/5
  1961 | D:3      | Reached XP level 5. HP: 27/28 MP: 4/6
  1980 | D:3      | Noticed Jessica
  1984 | D:3      | Killed Jessica
  1990 | D:3      | Got Jessica's Parchment of Locality
  2756 | D:4      | Reached XP level 6. HP: 32/32 MP: 7/7
  2787 | D:4      | Found a radiant altar of Vehumet.
  2806 | D:4      | Reached skill level 5 in Short Blades
  3272 | D:5      | Entered Level 5 of the Dungeon
  3315 | D:5      | Reached XP level 7. HP: 37/37 MP: 8/8
  3730 | D:5      | Found a sand-covered staircase.
  3743 | D:5      | Gained mutation: You have razor-sharp teeth. [Vine Stalker
                  | growth]
  3743 | D:5      | Reached XP level 8. HP: 39/42 MP: 9/9
  3751 | Ossuary  | Entered an ossuary
  3913 | Ossuary  | Reached skill level 5 in Fighting
  5149 | D:6      | Found a staircase to the Ecumenical Temple.
  5158 | Temple   | Entered the Ecumenical Temple
  5418 | Temple   | Became a worshipper of Uskayaw the Reveller
  5453 | D:6      | Noticed Dowan
  5454 | D:6      | Noticed Duvessa
  5455 | D:6      | Reached * piety under Uskayaw
  5462 | D:6      | Reached ** piety under Uskayaw
  5465 | D:6      | Reached *** piety under Uskayaw
  5483 | D:6      | Reached **** piety under Uskayaw
  5484 | D:6      | Killed Duvessa
  5485 | D:6      | Reached XP level 9. HP: 47/48 MP: 10/10
  5489 | D:6      | Killed Dowan
  6142 | D:7      | Reached skill level 5 in Stealth
  6147 | D:7      | Reached ***** piety under Uskayaw
  6157 | D:7      | Reached skill level 1 in Invocations
  6264 | D:7      | Found a runed translucent gate.
  6264 | D:7      | Found a runed translucent gate.
  6264 | D:7      | Found a runed translucent gate.
  6265 | D:7      | Noticed Syrassil's ghost (novice HuFi)
  6353 | D:7      | Found a runed translucent door.
  6354 | D:7      | Noticed Crazy Yiuf
  6658 | D:7      | Gained mutation: You are frail. (-10% HP) [potion of
                  | mutation]
  6658 | D:7      | Gained mutation: Your body sometimes deteriorates upon
                  | taking damage. [potion of mutation]
  6658 | D:7      | Gained mutation: You are resistant to electric shocks.
                  | (rElec) [potion of mutation]
  6715 | D:7      | Killed Syrassil's ghost
  6716 | D:7      | Reached skill level 10 in Short Blades
  6716 | D:7      | Reached skill level 6 in Stealth
  6716 | D:7      | Reached XP level 10. HP: 24/49 MP: 4/13
  6873 | D:7      | Killed Crazy Yiuf
  6971 | D:8      | Reached skill level 7 in Stealth
  7036 | D:8      | Noticed Maurice
  7062 | D:8      | Killed Maurice
  7089 | D:8      | Found a staircase to the Lair.
  7138 | D:8      | Lost mutation: Your body sometimes deteriorates upon taking
                  | damage. [potion of mutation]
  7138 | D:8      | Lost mutation: You are frail. (-10% HP) [potion of
                  | mutation]
  7138 | D:8      | Gained mutation: You are dopey. (Int -2) [potion of
                  | mutation]
  7166 | D:8      | Found a basalt altar of Yredelemnul.
  7177 | D:8      | Found a shimmering altar of Xom.
  7571 | D:8      | Reached skill level 8 in Stealth
  7943 | D:8      | Noticed an orc knight
  7943 | D:8      | Noticed a skeletal warrior
  7944 | D:8      | Found a runed translucent door.
  7946 | D:8      | Noticed a cyan ugly thing
  7946 | D:8      | Noticed a skeletal warrior
  7946 | D:8      | Noticed a centaur warrior
  7946 | D:8      | Noticed a cyclops
  8006 | D:8      | Killed a skeletal warrior
  8007 | D:8      | Reached skill level 5 in Invocations
  8021 | D:8      | Killed a centaur warrior
  8022 | D:8      | Reached skill level 9 in Stealth
  8027 | D:8      | Killed an orc knight
  8028 | D:8      | Reached XP level 11. HP: 33/60 MP: 16/16
  8035 | D:8      | Killed a cyclops
  8045 | D:8      | Killed a cyan ugly thing
  8053 | D:8      | Killed a skeletal warrior
  8054 | D:8      | Reached skill level 10 in Stealth
  8263 | D:9      | You fall into a shaft and drop 3 floors!
  8344 | D:12     | Noticed a cyclops
  8361 | D:12     | Killed a cyclops
  8376 | D:11     | Found Ytots's General Store.
  8392 | D:11     | Identified the +6 mace of Salt {spect, rCorr Str+4}
  8429 | D:10     | Entered Level 10 of the Dungeon
  8456 | D:10     | Noticed a two-headed ogre
  8466 | D:10     | Killed a two-headed ogre
  8678 | D:10     | Found a flagged portal.
  8685 | Bailey   | Entered a bailey
  9120 | Bailey   | Reached skill level 1 in Armour
  9141 | Bailey   | Identified the +5 scale mail of the Volcano {rC+}
  9177 | Bailey   | Noticed Grum
  9221 | Bailey   | Killed Grum
  9582 | D:10     | Reached skill level 11 in Stealth
 10054 | D:11     | Found Ruxkikk's Weapon Shoppe.
 10406 | D:11     | Reached ****** piety under Uskayaw
 10538 | D:11     | Found Foug Linoli's Antique Armour Shop.
 10546 | D:11     | Bought a pair of embroidered boots for 232 gold pieces
 10546 | D:11     | Bought a pair of glowing gloves for 232 gold pieces
 10660 | D:11     | Found a staircase to the Orcish Mines.
 10985 | D:12     | Noticed Sonja
 10997 | D:12     | HP: 3/75 [poisoned by Sonja]
 10998 | D:12     | Succumbed to Sonja's poison

Illustrated notes

Levels and vault maps discovered:
D:1:      minmay_arrival_cross, layout_loops_ring
D:2:      layout_basic
D:3:      layout_basic, kennysheep_jessica_study
D:4:      wad_woods_stonehenge, layout_rooms
D:5:      layout_loops_corners, enter_ossuary_1, grunt_decor_cap,
          hangedman_decor_peaks_small
D:6:      layout_layer_cave, minmay_temple_entry_arrows, grunt_ministairs_2,
          uniq_duvessa
D:7:      layout_gridville, ebering_ghost_rock_garden, uniq_crazy_yiuf_cottage
D:8:      minmay_gate_of_8, layout_basic, grunt_temple_overflow_open,
          dpeg_oklobed_lair, nicolae_hexahallways, uniq_maurice
D:9:      layout_basic, minmay_misc_feat_room, uniq_amaemon
D:10:     layout_loops_ring, enter_bailey_3, the_hattery
D:11:     layout_long_grid, david_orc_4, serial_shops, nicolae_diamond_shop,
          shop_fountains, nicolae_square_shop
D:12:     layout_loops_corners, hellmonk_guarded_unrand_salamander, uniq_sonja
Temple:   mainiacjoe_temple_big_plus

Skill      XL: |  1  2  3  4  5  6  7  8  9 10 11 |
---------------+----------------------------------+-----
Short Blades   | 2 3 4 5 6 8 10 | 10.0
Fighting       | 2 3 4 6 7 8 9 |  9.8
Stealth        | 6 9 11 | 11.4
Invocations    | 2 5 7 |  7.8
Armour         | 2 |  2.5
Throwing       | |  1.7
Dodging        | |  0.7

Action                   |  1- 3 |  4- 6 |  7- 9 | 10-12 || total
-------------------------+-------+-------+-------+-------++-------
Melee: Dagger            |    91 |   194 |   504 |   663 ||  1452
       Bite              |    16 |    59 |   191 |   256 ||   522
       Punch             |     1 |       |    12 |    11 ||    24
       Unarmed           |       |       |    38 |    22 ||    60
Throw: Dart              |       |       |     9 |    13 ||    22
       Throwing net      |       |       |       |     1 ||     1
Invok: Line Pass         |       |       |     1 |     7 ||     8
       Grand Finale      |       |       |       |     1 ||     1
Evoke: Wand              |       |       |       |     1 ||     1
  Use: Scroll            |       |       |     7 |     7 ||    14
       Potion            |       |       |     7 |    11 ||    18
 Stab: Sleeping          |     7 |       |       |     1 ||     8
       Paralysed         |       |       |     4 |    23 ||    27
       Confused          |       |       |       |     7 ||     7
Armor: Robe              |     5 |       |       |       ||     5
       Ring mail         |     8 |       |       |       ||     8
       Plate armour      |     5 |   156 |   185 |   230 ||   576
       Scale mail        |     3 |       |       |    21 ||    24
       Skin              |       |       |    27 |    27 ||    54
       Crystal plate arm |       |       |       |   186 ||   186
Dodge: Dodged            |    33 |    27 |    39 |    83 ||   182

Table legend: (Time is in decaauts)
 A = Elapsed time spent in this place.
 B = Non-inter-level travel time spent in this place.
 C = Inter-level travel time spent in this place.
 D = Time resting spent in this place.
 E = Time spent auto-exploring this place.
 F = Levels seen in this place.
 G = Mean time per level.
                   A        B        C        D        E       F      G
               +--------+--------+--------+--------+--------+-----+--------+
         Total |  10393 |  10045 |    348 |     52 |   7553 |  15 |  692.9 |
       Dungeon |   9167 |   8848 |    319 |     12 |   6908 |  12 |  763.9 |
        Temple |    290 |    261 |     29 |      0 |    249 |   1 |  290.0 |
       Ossuary |    387 |    387 |      0 |      0 |    247 |   1 |  387.0 |
        Bailey |    548 |    548 |      0 |     39 |    149 |   1 |  548.0 |
               +--------+--------+--------+--------+--------+-----+--------+

Top non-repeatable levels by time:
     D:8: 1143 daAuts
     D:2: 1115 daAuts
     D:6: 1052 daAuts
     D:5: 912 daAuts
    D:10: 882 daAuts
     D:7: 800 daAuts
     D:1: 789 daAuts
    D:11: 774 daAuts
     D:3: 680 daAuts
     D:4: 634 daAuts
  Bailey: 548 daAuts
 Ossuary: 387 daAuts
    D:12: 314 daAuts
  Temple: 290 daAuts
     D:9: 66 daAuts
